 Dungeon Crawl Stone Soup version 0.30-a0-330-g8f2769a82d (webtiles) character file.

Game seed: 3138539287463289364

471 EdirashGloemor the Magician (level 7, -16/50 HPs)
             Began as a Djinni Fire Elementalist on Oct 29, 2022.
             Demolished by Pikel
             ... wielding a +1 whip of electrocution
              (20 damage)
             ... on level 5 of the Dungeon.
             The game lasted 00:15:44 (3638 turns).

EdirashGloemor the Magician (DjFE)                  Turns: 3638, Time: 00:15:44

Health: -16/50     AC:  3    Str:  7    XL:     7   Next: 31%
Gold:   148        EV: 17    Int: 18    God:
                   SH:  0    Dex: 14

rFire   + + .      SeeInvis .    r - +1 dagger (freeze)
rCold   x . .      Faith    .    (no shield)
rNeg    . . .      Spirit   .    a - +0 robe
rPois   ∞          Reflect  .    v - +0 helmet
rElec   .          Harm     .    (no cloak)
rCorr   .          Rampage  .    (no gloves)
Will    .....                    (boots unavailable)
Stlth   ++........               (no amulet)
HPRegen 0.28/turn                E - +4 ring of evasion
MPRegen 0.00/turn                W - ring of wizardry {Wiz+}

@: flying
A: sickness immunity, fire resistance 2, cold vulnerability 1, float, innate
caster, HP casting, extra vitality 1
a: no special abilities


You were on level 5 of the Dungeon.
You visited 1 branch of the dungeon, and saw 5 of its levels.

You collected 232 gold pieces.
You spent 84 gold pieces at shops.


Innate Abilities, Weirdness & Mutations

You are immune to sickness and miasma.
You are immune to poison.
Your flesh is very heat resistant. (rF++)
You are vulnerable to cold. (rC-)
You float through the air rather than walking.
You learn spells naturally, not from books.
Your magical power is your life essence.
You have superior vitality. (+4 MHP)


   Skills:
 + Level 3.2 Fighting
 + Level 4.4 Dodging
 - Level 1.5 Stealth
 * Level 4.5 Spellcasting


You couldn't memorise any spells.
You knew the following spells:

 Your Spells              Type           Power      Damage    Failure   Level
d - Magic Dart            Conj           80%        1d7       1%          1
f - Inner Flame           Hex/Fire       20%        N/A       2%          3
l - Dazzling Flash        Conj/Hex       40%        N/A       2%          3
r - Searing Ray           Conj           40%        2d5       1%          2
s - Scorch                Fire           40%        2d7       1%          2
w - Flame Wave            Conj/Fire      20%        2d7       9%          4
z - Foxfire               Conj/Fire      80%        2x1d8     1%          1
X - Kindle Blastsparks    Fire/Tloc/Air  40%        2d13      2%          3
Your spell library was empty.

Inventory:

Hand Weapons
 r - a +1 dagger of freezing (weapon)
Missiles
 d - 6 boomerangs
 f - 6 poisoned darts
 Q - 49 stones (quivered)
Armour
 a - a +0 robe (worn)
 v - a +0 helmet (worn)
Jewellery
 E - a +4 ring of evasion (left hand)
 F - the ring "Luphuch" {rF++ AC+4 Int-4}
   (You found it on level 4 of the Dungeon)

   [ring of protection]

   AC:        It affects your AC (+4).
   Int:       It affects your intelligence (-4).
   rF:        It greatly protects you from fire.
 W - a ring of wizardry (right hand) {Wiz+}
Wands
 w - a wand of paralysis (8)
Scrolls
 b - a scroll of blinking {unknown}
 g - a scroll of enchant weapon {unknown}
 h - a scroll of butterflies {unknown}
 j - 2 scrolls of magic mapping {unknown}
 k - 2 scrolls of immolation {unknown}
 m - 3 scrolls of enchant armour
 n - 3 scrolls of poison
 u - 2 scrolls of fear {unknown}
 y - a scroll of teleportation {unknown}
Potions
 c - a potion of flight
 e - 2 potions of lignification {!q!q}
 i - a potion of degeneration {unknown}
 l - a potion of heal wounds {!q@q1}
 o - 2 potions of invisibility {!q}
 p - a potion of cancellation {!q}
 q - 3 potions of mutation {!q!q}
 s - 2 potions of attraction {!q}
 t - a potion of might {unknown}
 x - a potion of haste {unknown}

Dungeon Overview and Level Annotations

Branches:
Dungeon (5/15) Zot: 26361
 Temple: D:4-7

Altars:

Shops:
D:1 ?

Portals:
Ossuary: D:5

Annotations:
D:5 Pikel

#.....#
...........#
...........#
######
...........#
#....#
...........#
#....#
...........#
#####....#
.h.........#
#))......#
...........####
#)###....#
#####5......8.
#...####.#
#..@K5h##.....
###.# #.#
#.####.# 5∩.
....# #.#
###.####.# 5
..###
#.###.....##.#
.....
#.##......##.#
##..##
#.#.......##.#
#.#
#...#.....##.#
... #..##.....#
.#
##.....##.....#


You could see Pikel (combustible), a black bear and 2 lemures.


Message History

A wave of flame ripples out!
The flame wave engulfs Pikel.
Pikel resists.
The flame wave engulfs the lemure!
You hear an angry growl.
You hear a shout!
Pikel barely misses you.
You take 1 damage, and have 29/50 hp.
A wave of flame ripples out!
The flame wave engulfs Pikel.
Pikel resists.
The flame wave engulfs the lemure.
The flame wave engulfs the lemure!
You finish channelling waves of flame.
You hear an angry hiss.
Pikel misses you.
You take 1 damage, and have 28/50 hp.
Flames lash Pikel.
Pikel resists.
Pikel's fire resistance burns away.
Pikel closely misses you.
You take 1 damage, and have 27/50 hp.
Flames lash the lemure.
The lemure's fire resistance burns away.
* * * LOW HITPOINT WARNING * * *
Pikel hits you with a +1 whip of electrocution.
* * * LOW HITPOINT WARNING * * *
You take 8 damage, and have 19/50 hp.
A wave of flame ripples out!
The flame wave engulfs Pikel but does no damage. (Press . to intensify the flame waves.)
* * * LOW HITPOINT WARNING * * *
You hear the hiss of an avalanche of sand very nearby.
You hear an angry hiss.
Pikel hits you with a +1 whip of electrocution!
* * * LOW HITPOINT WARNING * * *
You are electrocuted!!
You die...

Skill      XL: |  1  2  3  4  5  6 |
---------------+-------------------+-----
Fighting       | 1 2 3 |  3.2
Spellcasting   | 3 4 |  4.5
Dodging        | 3 4 |  4.4
Stealth        | |  1.5

Action                   |  1- 3 |  4- 6 |  7- 9 || total
-------------------------+-------+-------+-------++-------
 Cast: Foxfire           |    33 |    17 |     2 ||    52
       Scorch            |     9 |    27 |     4 ||    40
       Magic Dart        |    12 |    51 |     4 ||    67
       Flame Wave        |       |     3 |     3 ||     6
       Searing Ray       |       |       |     4 ||     4
  Use: Scroll            |     1 |     7 |       ||     8
Armor: Robe              |     2 |       |       ||     2
Dodge: Dodged            |     5 |    19 |    11 ||    35

Levels and vault maps discovered:
D:1:      mainiacjoe_arrival_reflecting_pool, layout_basic, serial_shops, shop,
          chequers_avenue
D:2:      layout_basic
D:3:      layout_basic, uniq_pargi
D:4:      layout_loops_corners, hex_large
D:5:      layout_basic, nicolae_ossuary_entry_monument, uniq_ijyb, uniq_pikel

Notes
Turn   | Place    | Note
-------+----------+-------------------------------------------
     0 | D:1      | EdirashGloemor the Djinni Fire Elementalist began the quest
                  | for the Orb.
     0 | D:1      | EdirashGloemor set off with the following spells memorised:
                  | Foxfire, Scorch, Kindle Blastsparks, Inner Flame, Flame
                  | Wave.
     0 | D:1      | Reached XP level 1. HP: 15/15 MP: 0/0
   118 | D:1      | Found Xoce's Magic Scroll Emporium.
   248 | D:1      | Reached XP level 2. HP: 21/22 MP: 0/0
   632 | D:1      | Bought a scroll of identify for 24 gold pieces
   632 | D:1      | Identified 2 potions of invisibility
   737 | D:2      | Reached skill level 1 in Fighting
   737 | D:2      | Reached XP level 3. HP: 15/27 MP: 0/0
   737 | D:2      | Learned a level 1 spell: Magic Dart
  1001 | D:2      | Reached skill level 3 in Spellcasting
  1105 | D:2      | Reached XP level 4. HP: 28/32 MP: 0/0
  1615 | D:1      | Bought a scroll of poison for 48 gold pieces
  1615 | D:1      | Identified 2 potions of lignification
  1616 | D:1      | Identified a potion of flight
  1617 | D:1      | Bought a scroll of noise for 12 gold pieces
  1831 | D:3      | Identified a potion of heal wounds
  1832 | D:3      | Identified 2 scrolls of enchant armour
  2078 | D:3      | Noticed Pargi
  2269 | D:3      | Killed Pargi
  2270 | D:3      | Reached skill level 2 in Fighting
  2270 | D:3      | Reached skill level 3 in Dodging
  2270 | D:3      | Reached XP level 5. HP: 29/38 MP: 0/0
  2270 | D:3      | Learned a level 2 spell: Searing Ray
  2438 | D:3      | Identified a potion of cancellation
  2439 | D:3      | Identified a potion of mutation
  2461 | D:4      | Identified a ring of wizardry
  2585 | D:4      | Identified a +4 ring of evasion
  2622 | D:4      | Reached XP level 6. HP: 43/44 MP: 0/0
  2835 | D:4      | Identified 2 potions of attraction
  3102 | D:4      | Identified the ring "Luphuch" {rF++ AC+4 Int-4}
  3282 | D:5      | Entered Level 5 of the Dungeon
  3290 | D:5      | Noticed an ogre
  3296 | D:5      | Killed an ogre
  3297 | D:5      | Reached skill level 4 in Spellcasting
  3347 | D:5      | Reached skill level 4 in Dodging
  3446 | D:5      | Reached skill level 3 in Fighting
  3514 | D:5      | Reached XP level 7. HP: 39/50 MP: 0/0
  3514 | D:5      | Learned a level 3 spell: Dazzling Flash
  3619 | D:5      | Found a sand-covered staircase.
  3619 | D:5      | Noticed Pikel
  3638 | D:5      | HP: 4/50 [Pikel/+1 whip of electrocution (11)]
  3638 | D:5      | Demolished by Pikel

Vanquished Creatures
  Pargi (D:3)
  An ogre (D:5)
  A lemure (D:5)
  2 hounds (D:5)
  An iguana (D:5)
  An orc wizard (D:5)
  5 adders
  8 gnolls (D:5)
  2 dart slugs
  A worm (D:2)
  3 orcs (D:5)
  4 endoplasms
  3 giant cockroaches
  5 hobgoblins
  4 kobolds
  6 quokkas
  6 ball pythons
  2 bats (D:2)
  2 frilled lizards (D:1)
  4 goblins
  2 rats (D:1)
64 creatures vanquished.

Vanquished Creatures (others)
  82 foxfires
82 creatures vanquished.

Grand Total: 146 creatures vanquished

Table legend: (Time is in decaauts)
 A = Elapsed time spent in this place.
 B = Non-inter-level travel time spent in this place.
 C = Inter-level travel time spent in this place.
 D = Time resting spent in this place.
 E = Time spent auto-exploring this place.
 F = Levels seen in this place.
 G = Mean time per level.
                   A        B        C        D        E       F      G
               +--------+--------+--------+--------+--------+-----+--------+
         Total |   3637 |   3388 |    249 |    233 |   2650 |   5 |  727.4 |
       Dungeon |   3637 |   3388 |    249 |    233 |   2650 |   5 |  727.4 |
               +--------+--------+--------+--------+--------+-----+--------+

Top non-repeatable levels by time:
     D:2: 1012 daAuts
     D:4: 835 daAuts
     D:3: 722 daAuts
     D:1: 710 daAuts
     D:5: 355 daAuts

Table legend:
 A = Kills in this place as a percentage of kills in entire the game.
 B = Kills by you in this place as a percentage of kills by you in the entire game.
 C = Kills by friends in this place as a percentage of kills by friends in the entire game.
 D = Other kills in this place as a percentage of other kills in the entire game.
 E = Experience gained in this place as a percentage of experience gained in the entire game.
 F = Experience gained in this place divided by the number of levels of this place that you have seen.
                   A       B       C       D       E      F
               +-------+-------+-------+-------+-------+----------------------
         Total | 100.0 | 100.0 |   N/A |   N/A | 100.0 | 134.8
       Dungeon | 100.0 | 100.0 |   N/A |   N/A | 100.0 | 134.8
               +-------+-------+-------+-------+-------+----------------------

Table legend:
 A = Non-vault XP
 B = Vault XP
 C = Vault XP percentage of total XP
 D = Non-vault monster count
 E = Vault monster count
 F = Vault count percentage of total count
                 A         B        C        D         E       F
            +---------+---------+-------+---------+---------+-------
      Total |     536 |     138 |  20.5 |      62 |       1 |   1.6
            +---------+---------+-------+---------+---------+-------
        D:1 |      16 |       0 |   0.0 |      10 |       0 |   0.0
        D:2 |      64 |       0 |   0.0 |      16 |       0 |   0.0
        D:3 |      19 |     138 |  87.9 |       4 |       1 |  20.0
        D:4 |      45 |       0 |   0.0 |      16 |       0 |   0.0
        D:5 |     392 |       0 |   0.0 |      16 |       0 |   0.0
            +---------+---------+-------+---------+---------+-------
